Workbook

Sheet 汇总
A1: 供水企业供水成本公开表 供水企业基本情况表
A2: 供水企业名称：全市汇总 | F2: 单位：万元
A3: 项目名称 | B3: 行次及关系 | C3: 2018年 | D3: 2019年 | E3: 2020年 | F3: 三年平均
A4: 一、企业财务情况 | B4: A1
A5: （一）资产 | B5: A2=Σ(A3:A4) | C5: ='东部-表1供水企业基本情况表'!C5+'西部-表1供水企业基本情况表'!C5+'二次-表1供水企业基本情况表'!C5+'中法-表1供水企业基本情况表'!C5 -> 161043.43 | D5: ='东部-表1供水企业基本情况表'!D5+'西部-表1供水企业基本情况表'!D5+'二次-表1供水企业基本情况表'!D5+'中法-表1供水企业基本情况表'!D5 -> 157356.67 | E5: ='东部-表1供水企业基本情况表'!E5+'西部-表1供水企业基本情况表'!E5+'二次-表1供水企业基本情况表'!E5+'中法-表1供水企业基本情况表'!E5 -> 180393.51 | F5: ='东部-表1供水企业基本情况表'!F5+'西部-表1供水企业基本情况表'!F5+'二次-表1供水企业基本情况表'!F5+'中法-表1供水企业基本情况表'!F5 -> 181978.8
A6: 1、流动资产 | B6: A3 | C6: ='东部-表1供水企业基本情况表'!C6+'西部-表1供水企业基本情况表'!C6+'二次-表1供水企业基本情况表'!C6+'中法-表1供水企业基本情况表'!C6 -> 28095.87 | D6: ='东部-表1供水企业基本情况表'!D6+'西部-表1供水企业基本情况表'!D6+'二次-表1供水企业基本情况表'!D6+'中法-表1供水企业基本情况表'!D6 -> 24723.57 | E6: ='东部-表1供水企业基本情况表'!E6+'西部-表1供水企业基本情况表'!E6+'二次-表1供水企业基本情况表'!E6+'中法-表1供水企业基本情况表'!E6 -> 29650.72 | F6: ='东部-表1供水企业基本情况表'!F6+'西部-表1供水企业基本情况表'!F6+'二次-表1供水企业基本情况表'!F6+'中法-表1供水企业基本情况表'!F6 -> 28785.25
A7: 2、非流动资产 | B7: A4=Σ(A5:A8) | C7: ='东部-表1供水企业基本情况表'!C7+'西部-表1供水企业基本情况表'!C7+'二次-表1供水企业基本情况表'!C7+'中法-表1供水企业基本情况表'!C7 -> 132947.56 | D7: ='东部-表1供水企业基本情况表'!D7+'西部-表1供水企业基本情况表'!D7+'二次-表1供水企业基本情况表'!D7+'中法-表1供水企业基本情况表'!D7 -> 132633.1 | E7: ='东部-表1供水企业基本情况表'!E7+'西部-表1供水企业基本情况表'!E7+'二次-表1供水企业基本情况表'!E7+'中法-表1供水企业基本情况表'!E7 -> 150742.79 | F7: ='东部-表1供水企业基本情况表'!F7+'西部-表1供水企业基本情况表'!F7+'二次-表1供水企业基本情况表'!F7+'中法-表1供水企业基本情况表'!F7 -> 153193.55
A8: 其中：固定资产 | B8: A5 | C8: ='东部-表1供水企业基本情况表'!C8+'西部-表1供水企业基本情况表'!C8+'二次-表1供水企业基本情况表'!C8+'中法-表1供水企业基本情况表'!C8 -> 116514.22 | D8: ='东部-表1供水企业基本情况表'!D8+'西部-表1供水企业基本情况表'!D8+'二次-表1供水企业基本情况表'!D8+'中法-表1供水企业基本情况表'!D8 -> 113463.3 | E8: ='东部-表1供水企业基本情况表'!E8+'西部-表1供水企业基本情况表'!E8+'二次-表1供水企业基本情况表'!E8+'中法-表1供水企业基本情况表'!E8 -> 130832.57 | F8: ='东部-表1供水企业基本情况表'!F8+'西部-表1供水企业基本情况表'!F8+'二次-表1供水企业基本情况表'!F8+'中法-表1供水企业基本情况表'!F8 -> 134642.9
A9: 其中：无形资产 | B9: A6 | C9: ='东部-表1供水企业基本情况表'!C9+'西部-表1供水企业基本情况表'!C9+'二次-表1供水企业基本情况表'!C9+'中法-表1供水企业基本情况表'!C9 -> 1229.3 | D9: ='东部-表1供水企业基本情况表'!D9+'西部-表1供水企业基本情况表'!D9+'二次-表1供水企业基本情况表'!D9+'中法-表1供水企业基本情况表'!D9 -> 1168.3 | E9: ='东部-表1供水企业基本情况表'!E9+'西部-表1供水企业基本情况表'!E9+'二次-表1供水企业基本情况表'!E9+'中法-表1供水企业基本情况表'!E9 -> 1107.2 | F9: ='东部-表1供水企业基本情况表'!F9+'西部-表1供水企业基本情况表'!F9+'二次-表1供水企业基本情况表'!F9+'中法-表1供水企业基本情况表'!F9 -> 1168.27
A10: 其中：在建工程 | B10: A7 | C10: ='东部-表1供水企业基本情况表'!C10+'西部-表1供水企业基本情况表'!C10+'二次-表1供水企业基本情况表'!C10+'中法-表1供水企业基本情况表'!C10 -> 14873.54 | D10: ='东部-表1供水企业基本情况表'!D10+'西部-表1供水企业基本情况表'!D10+'二次-表1供水企业基本情况表'!D10+'中法-表1供水企业基本情况表'!D10 -> 17235.6 | E10: ='东部-表1供水企业基本情况表'!E10+'西部-表1供水企业基本情况表'!E10+'二次-表1供水企业基本情况表'!E10+'中法-表1供水企业基本情况表'!E10 -> 17961.22 | F10: ='东部-表1供水企业基本情况表'!F10+'西部-表1供水企业基本情况表'!F10+'二次-表1供水企业基本情况表'!F10+'中法-表1供水企业基本情况表'!F10 -> 16714.92
A11: 其中：其他资产 | B11: A8 | C11: ='东部-表1供水企业基本情况表'!C11+'西部-表1供水企业基本情况表'!C11+'二次-表1供水企业基本情况表'!C11+'中法-表1供水企业基本情况表'!C11 -> 330.5 | D11: ='东部-表1供水企业基本情况表'!D11+'西部-表1供水企业基本情况表'!D11+'二次-表1供水企业基本情况表'!D11+'中法-表1供水企业基本情况表'!D11 -> 765.9 | E11: ='东部-表1供水企业基本情况表'!E11+'西部-表1供水企业基本情况表'!E11+'二次-表1供水企业基本情况表'!E11+'中法-表1供水企业基本情况表'!E11 -> 841.8 | F11: ='东部-表1供水企业基本情况表'!F11+'西部-表1供水企业基本情况表'!F11+'二次-表1供水企业基本情况表'!F11+'中法-表1供水企业基本情况表'!F11 -> 667.47
A12: （二）负债 | B12: A9=Σ(A10:A11) | C12: ='东部-表1供水企业基本情况表'!C12+'西部-表1供水企业基本情况表'!C12+'二次-表1供水企业基本情况表'!C12+'中法-表1供水企业基本情况表'!C12 -> 80596.84 | D12: ='东部-表1供水企业基本情况表'!D12+'西部-表1供水企业基本情况表'!D12+'二次-表1供水企业基本情况表'!D12+'中法-表1供水企业基本情况表'!D12 -> 75058.3 | E12: ='东部-表1供水企业基本情况表'!E12+'西部-表1供水企业基本情况表'!E12+'二次-表1供水企业基本情况表'!E12+'中法-表1供水企业基本情况表'!E12 -> 65697.15 | F12: ='东部-表1供水企业基本情况表'!F12+'西部-表1供水企业基本情况表'!F12+'二次-表1供水企业基本情况表'!F12+'中法-表1供水企业基本情况表'!F12 -> 81593.97
A13: 1、流动负债 | B13: A10 | C13: ='东部-表1供水企业基本情况表'!C13+'西部-表1供水企业基本情况表'!C13+'二次-表1供水企业基本情况表'!C13+'中法-表1供水企业基本情况表'!C13 -> 39815.86 | D13: ='东部-表1供水企业基本情况表'!D13+'西部-表1供水企业基本情况表'!D13+'二次-表1供水企业基本情况表'!D13+'中法-表1供水企业基本情况表'!D13 -> 32222.82 | E13: ='东部-表1供水企业基本情况表'!E13+'西部-表1供水企业基本情况表'!E13+'二次-表1供水企业基本情况表'!E13+'中法-表1供水企业基本情况表'!E13 -> 36094.98 | F13: ='东部-表1供水企业基本情况表'!F13+'西部-表1供水企业基本情况表'!F13+'二次-表1供水企业基本情况表'!F13+'中法-表1供水企业基本情况表'!F13 -> 39429.75
A14: 2、非流动负债 | B14: A11 | C14: ='东部-表1供水企业基本情况表'!C14+'西部-表1供水企业基本情况表'!C14+'二次-表1供水企业基本情况表'!C14+'中法-表1供水企业基本情况表'!C14 -> 40780.98 | D14: ='东部-表1供水企业基本情况表'!D14+'西部-表1供水企业基本情况表'!D14+'二次-表1供水企业基本情况表'!D14+'中法-表1供水企业基本情况表'!D14 -> 42835.48 | E14: ='东部-表1供水企业基本情况表'!E14+'西部-表1供水企业基本情况表'!E14+'二次-表1供水企业基本情况表'!E14+'中法-表1供水企业基本情况表'!E14 -> 29602.17 | F14: ='东部-表1供水企业基本情况表'!F14+'西部-表1供水企业基本情况表'!F14+'二次-表1供水企业基本情况表'!F14+'中法-表1供水企业基本情况表'!F14 -> 42164.22
A15: （三）所有者权益 | B15: A12 | C15: ='东部-表1供水企业基本情况表'!C15+'西部-表1供水企业基本情况表'!C15+'二次-表1供水企业基本情况表'!C15+'中法-表1供水企业基本情况表'!C15 -> 80446.59 | D15: ='东部-表1供水企业基本情况表'!D15+'西部-表1供水企业基本情况表'!D15+'二次-表1供水企业基本情况表'!D15+'中法-表1供水企业基本情况表'!D15 -> 82298.37 | E15: ='东部-表1供水企业基本情况表'!E15+'西部-表1供水企业基本情况表'!E15+'二次-表1供水企业基本情况表'!E15+'中法-表1供水企业基本情况表'!E15 -> 114696.36 | F15: ='东部-表1供水企业基本情况表'!F15+'西部-表1供水企业基本情况表'!F15+'二次-表1供水企业基本情况表'!F15+'中法-表1供水企业基本情况表'!F15 -> 100384.84
A16: （四）主营业务损益 | B16: A13
A17: 1、主营业务收入 | B17: A14 | C17: ='东部-表1供水企业基本情况表'!C17+'西部-表1供水企业基本情况表'!C17+'二次-表1供水企业基本情况表'!C17+'中法-表1供水企业基本情况表'!C17 -> 40822.5 | D17: ='东部-表1供水企业基本情况表'!D17+'西部-表1供水企业基本情况表'!D17+'二次-表1供水企业基本情况表'!D17+'中法-表1供水企业基本情况表'!D17 -> 41629.19 | E17: ='东部-表1供水企业基本情况表'!E17+'西部-表1供水企业基本情况表'!E17+'二次-表1供水企业基本情况表'!E17+'中法-表1供水企业基本情况表'!E17 -> 37969.84 | F17: ='东部-表1供水企业基本情况表'!F17+'西部-表1供水企业基本情况表'!F17+'二次-表1供水企业基本情况表'!F17+'中法-表1供水企业基本情况表'!F17 -> 41153.72
A18: 2、主营业务成本 | B18: A15 | C18: ='东部-表1供水企业基本情况表'!C18+'西部-表1供水企业基本情况表'!C18+'二次-表1供水企业基本情况表'!C18+'中法-表1供水企业基本情况表'!C18 -> 20719.9 | D18: ='东部-表1供水企业基本情况表'!D18+'西部-表1供水企业基本情况表'!D18+'二次-表1供水企业基本情况表'!D18+'中法-表1供水企业基本情况表'!D18 -> 22389.43 | E18: ='东部-表1供水企业基本情况表'!E18+'西部-表1供水企业基本情况表'!E18+'二次-表1供水企业基本情况表'!E18+'中法-表1供水企业基本情况表'!E18 -> 27855.4 | F18: ='东部-表1供水企业基本情况表'!F18+'西部-表1供水企业基本情况表'!F18+'二次-表1供水企业基本情况表'!F18+'中法-表1供水企业基本情况表'!F18 -> 24671.38
A19: 3、期间费用 | B19: A16 | C19: ='东部-表1供水企业基本情况表'!C19+'西部-表1供水企业基本情况表'!C19+'二次-表1供水企业基本情况表'!C19+'中法-表1供水企业基本情况表'!C19 -> 16906.19 | D19: ='东部-表1供水企业基本情况表'!D19+'西部-表1供水企业基本情况表'!D19+'二次-表1供水企业基本情况表'!D19+'中法-表1供水企业基本情况表'!D19 -> 20024.78 | E19: ='东部-表1供水企业基本情况表'!E19+'西部-表1供水企业基本情况表'!E19+'二次-表1供水企业基本情况表'!E19+'中法-表1供水企业基本情况表'!E19 -> 11750.23 | F19: ='东部-表1供水企业基本情况表'!F19+'西部-表1供水企业基本情况表'!F19+'二次-表1供水企业基本情况表'!F19+'中法-表1供水企业基本情况表'!F19 -> 16452.13
A20: 4、主营业务税金及附加 | B20: A17 | C20: ='东部-表1供水企业基本情况表'!C20+'西部-表1供水企业基本情况表'!C20+'二次-表1供水企业基本情况表'!C20+'中法-表1供水企业基本情况表'!C20 -> 464.66 | D20: ='东部-表1供水企业基本情况表'!D20+'西部-表1供水企业基本情况表'!D20+'二次-表1供水企业基本情况表'!D20+'中法-表1供水企业基本情况表'!D20 -> 415.85 | E20: ='东部-表1供水企业基本情况表'!E20+'西部-表1供水企业基本情况表'!E20+'二次-表1供水企业基本情况表'!E20+'中法-表1供水企业基本情况表'!E20 -> 371.14 | F20: ='东部-表1供水企业基本情况表'!F20+'西部-表1供水企业基本情况表'!F20+'二次-表1供水企业基本情况表'!F20+'中法-表1供水企业基本情况表'!F20 -> 420.24
A21: 5、企业所得税 | B21: A18 | C21: ='东部-表1供水企业基本情况表'!C21+'西部-表1供水企业基本情况表'!C21+'二次-表1供水企业基本情况表'!C21+'中法-表1供水企业基本情况表'!C21 -> 1582.8 | D21: ='东部-表1供水企业基本情况表'!D21+'西部-表1供水企业基本情况表'!D21+'二次-表1供水企业基本情况表'!D21+'中法-表1供水企业基本情况表'!D21 -> 1522.31 | E21: ='东部-表1供水企业基本情况表'!E21+'西部-表1供水企业基本情况表'!E21+'二次-表1供水企业基本情况表'!E21+'中法-表1供水企业基本情况表'!E21 -> 535.08 | F21: ='东部-表1供水企业基本情况表'!F21+'西部-表1供水企业基本情况表'!F21+'二次-表1供水企业基本情况表'!F21+'中法-表1供水企业基本情况表'!F21 -> 1213.39
A22: 6、主营业务净利润 | B22: A19=A14-A15-A16-A17-(A18-A21*25%) | C22: ='东部-表1供水企业基本情况表'!C22+'西部-表1供水企业基本情况表'!C22+'二次-表1供水企业基本情况表'!C22+'中法-表1供水企业基本情况表'!C22 -> 1473.89 | D22: ='东部-表1供水企业基本情况表'!D22+'西部-表1供水企业基本情况表'!D22+'二次-表1供水企业基本情况表'!D22+'中法-表1供水企业基本情况表'!D22 -> -2283.63 | E22: ='东部-表1供水企业基本情况表'!E22+'西部-表1供水企业基本情况表'!E22+'二次-表1供水企业基本情况表'!E22+'中法-表1供水企业基本情况表'!E22 -> -2356 | F22: ='东部-表1供水企业基本情况表'!F22+'西部-表1供水企业基本情况表'!F22+'二次-表1供水企业基本情况表'!F22+'中法-表1供水企业基本情况表'!F22 -> -1286.6
A23: 7、主营业务净资产利润率（％） | B23: A20=A19/A12 | C23: =C22/C15 -> 0.02 | D23: =D22/D15 -> -0.03 | E23: =E22/E15 -> -0.02 | F23: =(C23+D23+E23)/3 -> -0.01
A24: （五）其他业务利润 | B24: A21 | C24: ='东部-表1供水企业基本情况表'!C24+'西部-表1供水企业基本情况表'!C24+'二次-表1供水企业基本情况表'!C24+'中法-表1供水企业基本情况表'!C24 -> 1299.75 | D24: ='东部-表1供水企业基本情况表'!D24+'西部-表1供水企业基本情况表'!D24+'二次-表1供水企业基本情况表'!D24+'中法-表1供水企业基本情况表'!D24 -> 1758.16 | E24: ='东部-表1供水企业基本情况表'!E24+'西部-表1供水企业基本情况表'!E24+'二次-表1供水企业基本情况表'!E24+'中法-表1供水企业基本情况表'!E24 -> 1046.13 | F24: ='东部-表1供水企业基本情况表'!F24+'西部-表1供水企业基本情况表'!F24+'二次-表1供水企业基本情况表'!F24+'中法-表1供水企业基本情况表'!F24 -> 1378.88
A25: 1、其他业务收入 | B25: A22 | C25: ='东部-表1供水企业基本情况表'!C25+'西部-表1供水企业基本情况表'!C25+'二次-表1供水企业基本情况表'!C25+'中法-表1供水企业基本情况表'!C25 -> 1967.97 | D25: ='东部-表1供水企业基本情况表'!D25+'西部-表1供水企业基本情况表'!D25+'二次-表1供水企业基本情况表'!D25+'中法-表1供水企业基本情况表'!D25 -> 5523.14 | E25: ='东部-表1供水企业基本情况表'!E25+'西部-表1供水企业基本情况表'!E25+'二次-表1供水企业基本情况表'!E25+'中法-表1供水企业基本情况表'!E25 -> 2740.64 | F25: ='东部-表1供水企业基本情况表'!F25+'西部-表1供水企业基本情况表'!F25+'二次-表1供水企业基本情况表'!F25+'中法-表1供水企业基本情况表'!F25 -> 3480.65
A26: 2、其他业务支出 | B26: A23 | C26: ='东部-表1供水企业基本情况表'!C26+'西部-表1供水企业基本情况表'!C26+'二次-表1供水企业基本情况表'!C26+'中法-表1供水企业基本情况表'!C26 -> 668.22 | D26: ='东部-表1供水企业基本情况表'!D26+'西部-表1供水企业基本情况表'!D26+'二次-表1供水企业基本情况表'!D26+'中法-表1供水企业基本情况表'!D26 -> 3764.98 | E26: ='东部-表1供水企业基本情况表'!E26+'西部-表1供水企业基本情况表'!E26+'二次-表1供水企业基本情况表'!E26+'中法-表1供水企业基本情况表'!E26 -> 1694.51 | F26: ='东部-表1供水企业基本情况表'!F26+'西部-表1供水企业基本情况表'!F26+'二次-表1供水企业基本情况表'!F26+'中法-表1供水企业基本情况表'!F26 -> 2101.77
A27: 二、供水与销售 | B27: A24
A28: 1、年供水总量（万m3） | B28: A25 | C28: ='东部-表1供水企业基本情况表'!C28+'西部-表1供水企业基本情况表'!C28+'二次-表1供水企业基本情况表'!C28+'中法-表1供水企业基本情况表'!C28 -> 19766.76 | D28: ='东部-表1供水企业基本情况表'!D28+'西部-表1供水企业基本情况表'!D28+'二次-表1供水企业基本情况表'!D28+'中法-表1供水企业基本情况表'!D28 -> 20607.96 | E28: ='东部-表1供水企业基本情况表'!E28+'西部-表1供水企业基本情况表'!E28+'二次-表1供水企业基本情况表'!E28+'中法-表1供水企业基本情况表'!E28 -> 19468.95 | F28: ='东部-表1供水企业基本情况表'!F28+'西部-表1供水企业基本情况表'!F28+'二次-表1供水企业基本情况表'!F28+'中法-表1供水企业基本情况表'!F28 -> 20438.72
A29: 2、年售水总量（万m3） | B29: A26 | C29: ='东部-表1供水企业基本情况表'!C29+'西部-表1供水企业基本情况表'!C29+'二次-表1供水企业基本情况表'!C29+'中法-表1供水企业基本情况表'!C29 -> 17523.96 | D29: ='东部-表1供水企业基本情况表'!D29+'西部-表1供水企业基本情况表'!D29+'二次-表1供水企业基本情况表'!D29+'中法-表1供水企业基本情况表'!D29 -> 18271.98 | E29: ='东部-表1供水企业基本情况表'!E29+'西部-表1供水企业基本情况表'!E29+'二次-表1供水企业基本情况表'!E29+'中法-表1供水企业基本情况表'!E29 -> 17322.67 | F29: ='东部-表1供水企业基本情况表'!F29+'西部-表1供水企业基本情况表'!F29+'二次-表1供水企业基本情况表'!F29+'中法-表1供水企业基本情况表'!F29 -> 18165.94
A30: 3、设计日综合生产能力（万m3／日） | B30: A27 | C30: ='东部-表1供水企业基本情况表'!C30+'西部-表1供水企业基本情况表'!C30+'二次-表1供水企业基本情况表'!C30+'中法-表1供水企业基本情况表'!C30 -> 60.5 | D30: ='东部-表1供水企业基本情况表'!D30+'西部-表1供水企业基本情况表'!D30+'二次-表1供水企业基本情况表'!D30+'中法-表1供水企业基本情况表'!D30 -> 60.5 | E30: ='东部-表1供水企业基本情况表'!E30+'西部-表1供水企业基本情况表'!E30+'二次-表1供水企业基本情况表'!E30+'中法-表1供水企业基本情况表'!E30 -> 62.7 | F30: ='东部-表1供水企业基本情况表'!F30+'西部-表1供水企业基本情况表'!F30+'二次-表1供水企业基本情况表'!F30+'中法-表1供水企业基本情况表'!F30 -> 62.7
A31: 4、实际日综合生产能力（万m3／日） | B31: A28 | C31: ='东部-表1供水企业基本情况表'!C31+'西部-表1供水企业基本情况表'!C31+'二次-表1供水企业基本情况表'!C31+'中法-表1供水企业基本情况表'!C31 -> 53.91 | D31: ='东部-表1供水企业基本情况表'!D31+'西部-表1供水企业基本情况表'!D31+'二次-表1供水企业基本情况表'!D31+'中法-表1供水企业基本情况表'!D31 -> 56.05 | E31: ='东部-表1供水企业基本情况表'!E31+'西部-表1供水企业基本情况表'!E31+'二次-表1供水企业基本情况表'!E31+'中法-表1供水企业基本情况表'!E31 -> 51.5 | F31: ='东部-表1供水企业基本情况表'!F31+'西部-表1供水企业基本情况表'!F31+'二次-表1供水企业基本情况表'!F31+'中法-表1供水企业基本情况表'!F31 -> 54.02
A32: 5、最高日供水量（万m3） | B32: A29 | C32: ='东部-表1供水企业基本情况表'!C32+'西部-表1供水企业基本情况表'!C32+'二次-表1供水企业基本情况表'!C32+'中法-表1供水企业基本情况表'!C32 -> 67.54 | D32: ='东部-表1供水企业基本情况表'!D32+'西部-表1供水企业基本情况表'!D32+'二次-表1供水企业基本情况表'!D32+'中法-表1供水企业基本情况表'!D32 -> 70.65 | E32: ='东部-表1供水企业基本情况表'!E32+'西部-表1供水企业基本情况表'!E32+'二次-表1供水企业基本情况表'!E32+'中法-表1供水企业基本情况表'!E32 -> 73.56 | F32: ='东部-表1供水企业基本情况表'!F32+'西部-表1供水企业基本情况表'!F32+'二次-表1供水企业基本情况表'!F32+'中法-表1供水企业基本情况表'!F32 -> 72.12
A33: 6、年销售收入 | B33: A30 | C33: ='东部-表1供水企业基本情况表'!C33+'西部-表1供水企业基本情况表'!C33+'二次-表1供水企业基本情况表'!C33+'中法-表1供水企业基本情况表'!C33 -> 42047.12 | D33: ='东部-表1供水企业基本情况表'!D33+'西部-表1供水企业基本情况表'!D33+'二次-表1供水企业基本情况表'!D33+'中法-表1供水企业基本情况表'!D33 -> 42878.07 | E33: ='东部-表1供水企业基本情况表'!E33+'西部-表1供水企业基本情况表'!E33+'二次-表1供水企业基本情况表'!E33+'中法-表1供水企业基本情况表'!E33 -> 39108.95 | F33: ='东部-表1供水企业基本情况表'!F33+'西部-表1供水企业基本情况表'!F33+'二次-表1供水企业基本情况表'!F33+'中法-表1供水企业基本情况表'!F33 -> 42388.31
A34: 7、售水价格（元／m3） | B34: A31=A30/A26 | C34: =C33/C29 -> 2.4 | D34: =D33/D29 -> 2.35 | E34: =E33/E29 -> 2.26 | F34: =F33/F29 -> 2.33
A35: 8、居民用水按户抄表的水量 | B35: A32 | C35: ='东部-表1供水企业基本情况表'!C35+'西部-表1供水企业基本情况表'!C35+'二次-表1供水企业基本情况表'!C35+'中法-表1供水企业基本情况表'!C35 -> 5270.95 | D35: ='东部-表1供水企业基本情况表'!D35+'西部-表1供水企业基本情况表'!D35+'二次-表1供水企业基本情况表'!D35+'中法-表1供水企业基本情况表'!D35 -> 5631.93 | E35: ='东部-表1供水企业基本情况表'!E35+'西部-表1供水企业基本情况表'!E35+'二次-表1供水企业基本情况表'!E35+'中法-表1供水企业基本情况表'!E35 -> 5959.39 | F35: ='东部-表1供水企业基本情况表'!F35+'西部-表1供水企业基本情况表'!F35+'二次-表1供水企业基本情况表'!F35+'中法-表1供水企业基本情况表'!F35 -> 5962.56
A36: 9、居民按户抄表得水量占居民用水总 量比率（％） | B36: A33 | C36: =('东部-表1供水企业基本情况表'!C36+'西部-表1供水企业基本情况表'!C36+'二次-表1供水企业基本情况表'!C36+'中法-表1供水企业基本情况表'!C36)/3 -> 0.53 | D36: =('东部-表1供水企业基本情况表'!D36+'西部-表1供水企业基本情况表'!D36+'二次-表1供水企业基本情况表'!D36+'中法-表1供水企业基本情况表'!D36)/3 -> 0.55 | E36: =('东部-表1供水企业基本情况表'!E36+'西部-表1供水企业基本情况表'!E36+'二次-表1供水企业基本情况表'!E36+'中法-表1供水企业基本情况表'!E36)/4 -> 0.66 | F36: =(C36+D36+E36)/3 -> 0.58
A37: 三、人员及工资情况 | B37: A34
A38: 1、企业定员数量（人） | B38: A35 | C38: ='东部-表1供水企业基本情况表'!C38+'西部-表1供水企业基本情况表'!C38+'二次-表1供水企业基本情况表'!C38+'中法-表1供水企业基本情况表'!C38 -> 869 | D38: ='东部-表1供水企业基本情况表'!D38+'西部-表1供水企业基本情况表'!D38+'二次-表1供水企业基本情况表'!D38+'中法-表1供水企业基本情况表'!D38 -> 863 | E38: ='东部-表1供水企业基本情况表'!E38+'西部-表1供水企业基本情况表'!E38+'二次-表1供水企业基本情况表'!E38+'中法-表1供水企业基本情况表'!E38 -> 901 | F38: ='东部-表1供水企业基本情况表'!F38+'西部-表1供水企业基本情况表'!F38+'二次-表1供水企业基本情况表'!F38+'中法-表1供水企业基本情况表'!F38 -> 924.34
A39: 2、实有人员数量（人） | B39: A36 | C39: ='东部-表1供水企业基本情况表'!C39+'西部-表1供水企业基本情况表'!C39+'二次-表1供水企业基本情况表'!C39+'中法-表1供水企业基本情况表'!C39 -> 778 | D39: ='东部-表1供水企业基本情况表'!D39+'西部-表1供水企业基本情况表'!D39+'二次-表1供水企业基本情况表'!D39+'中法-表1供水企业基本情况表'!D39 -> 782 | E39: ='东部-表1供水企业基本情况表'!E39+'西部-表1供水企业基本情况表'!E39+'二次-表1供水企业基本情况表'!E39+'中法-表1供水企业基本情况表'!E39 -> 847 | F39: ='东部-表1供水企业基本情况表'!F39+'西部-表1供水企业基本情况表'!F39+'二次-表1供水企业基本情况表'!F39+'中法-表1供水企业基本情况表'!F39 -> 843.66
A40: 3、年职工平均工资、津贴、补贴 | B40: A37 | C40: =('东部-表1供水企业基本情况表'!C40+'西部-表1供水企业基本情况表'!C40+'二次-表1供水企业基本情况表'!C40+'中法-表1供水企业基本情况表'!C40)/3 -> 6.35 | D40: =('东部-表1供水企业基本情况表'!D40+'西部-表1供水企业基本情况表'!D40+'二次-表1供水企业基本情况表'!D40+'中法-表1供水企业基本情况表'!D40)/3 -> 7.48 | E40: =('东部-表1供水企业基本情况表'!E40+'西部-表1供水企业基本情况表'!E40+'二次-表1供水企业基本情况表'!E40+'中法-表1供水企业基本情况表'!E40)/4 -> 7.16 | F40: =(C40+D40+E40)/3 -> 7

Sheet 东部-表1供水企业基本情况表
A1: 供水企业供水成本公开表 供水企业基本情况表
A2: 供水企业名称：海南天涯水业东部供水有限公司 | F2: 单位：万元
A3: 项目名称 | B3: 行次及关系 | C3: 2018年 | D3: 2019年 | E3: 2020年 | F3: 三年平均
A4: 一、企业财务情况 | B4: A1
A5: （一）资产 | B5: A2=Σ(A3:A4) | C5: =C6+C7 -> 30424.73 | D5: =D6+D7 -> 32019.77 | E5: =E6+E7 -> 33602.51 | F5: =(C5+D5+E5)/3 -> 32015.67
A6: 1、流动资产 | B6: A3 | C6: 13648.97 | D6: 13764.87 | E6: 15970.62 | F6: =(C6+D6+E6)/3 -> 14461.49
A7: 2、非流动资产 | B7: A4=Σ(A5:A8) | C7: =SUM(C8:C11) -> 16775.76 | D7: =SUM(D8:D11) -> 18254.9 | E7: =SUM(E8:E11) -> 17631.89 | F7: =(C7+D7+E7)/3 -> 17554.18
A8: 其中：固定资产 | B8: A5 | C8: 16617.92 | D8: 17643.5 | E8: 16608.37 | F8: =(C8+D8+E8)/3 -> 16956.6
A9: 其中：无形资产 | B9: A6 | C9: 0 | D9: 0 | E9: 0 | F9: =(C9+D9+E9)/3 -> 0
A10: 其中：在建工程 | B10: A7 | C10: 147.84 | D10: 141.4 | E10: 528.52 | F10: =(C10+D10+E10)/3 -> 272.59
A11: 其中：其他资产 | B11: A8 | C11: 10 | D11: 470 | E11: 495 | F11: =(C11+D11+E11)/3 -> 325
A12: （二）负债 | B12: A9=Σ(A10:A11) | C12: =C13+C14 -> 21028.94 | D12: =D13+D14 -> 20746.9 | E12: =E13+E14 -> 1368.95 | F12: =(C12+D12+E12)/3 -> 14381.6
A13: 1、流动负债 | B13: A10 | C13: 1536.66 | D13: 1254.62 | E13: 1039.18 | F13: =(C13+D13+E13)/3 -> 1276.82
A14: 2、非流动负债 | B14: A11 | C14: 19492.28 | D14: 19492.28 | E14: 329.77 | F14: =(C14+D14+E14)/3 -> 13104.78
A15: （三）所有者权益 | B15: A12 | C15: =C5-C12 -> 9395.79 | D15: =D5-D12 -> 11272.87 | E15: =E5-E12 -> 32233.56 | F15: =(C15+D15+E15)/3 -> 17634.07
A16: （四）主营业务损益 | B16: A13
A17: 1、主营业务收入 | B17: A14 | C17: 6588.7 | D17: 6701.69 | E17: 5498.24 | F17: =(C17+D17+E17)/3 -> 6262.88
A18: 2、主营业务成本 | B18: A15 | C18: 2142.34 | D18: 2569.89 | E18: 3356.73 | F18: =(C18+D18+E18)/3 -> 2689.65
A19: 3、期间费用 | B19: A16 | C19: 2508.55 | D19: 2315.88 | E19: 987.59 | F19: =(C19+D19+E19)/3 -> 1937.34
A20: 4、主营业务税金及附加 | B20: A17 | C20: 81.09 | D20: 59.17 | E20: 56.1 | F20: =(C20+D20+E20)/3 -> 65.45
A21: 5、企业所得税 | B21: A18 | C21: 716.3 | D21: 502.71 | E21: 245.78 | F21: =(C21+D21+E21)/3 -> 488.26
A22: 6、主营业务净利润 | B22: A19=A14-A15-A16-A17-(A18-A21*25%) | C22: =C17-C18-C19-C20-(C21-C24*0.25) -> 1178.76 | D22: =D17-D18-D19-D20-(D21-D24*0.25) -> 1296.82 | E22: =E17-E18-E19-E20-(E21-E24*0.25) -> 879.05 | F22: =(C22+D22+E22)/3 -> 1118.21
A23: 7、主营业务净资产利润率（％） | B23: A20=A19/A12 | C23: =C22/C15 -> 0.1255 | D23: =D22/D15 -> 0.115 | E23: =E22/E15 -> 0.0273 | F23: =(C23+D23+E23)/3 -> 0.0893
A24: （五）其他业务利润 | B24: A21 | C24: =C25-C26 -> 153.37 | D24: =D25-D26 -> 171.11 | E24: =E25-E26 -> 108.05 | F24: =(C24+D24+E24)/3 -> 144.18
A25: 1、其他业务收入 | B25: A22 | C25: 185.27 | D25: 242.71 | E25: 124.61 | F25: =(C25+D25+E25)/3 -> 184.2
A26: 2、其他业务支出 | B26: A23 | C26: 31.9 | D26: 71.6 | E26: 16.56 | F26: =(C26+D26+E26)/3 -> 40.02
A27: 二、供水与销售 | B27: A24
A28: 1、年供水总量（万m3） | B28: A25 | C28: 2008.27 | D28: 2190.12 | E28: 1956.17 | F28: =(C28+D28+E28)/3 -> 2051.52
A29: 2、年售水总量（万m3） | B29: A26 | C29: 1979.65 | D29: 2113.99 | E29: 1886.46 | F29: =(C29+D29+E29)/3 -> 1993.37
A30: 3、设计日综合生产能力（万m3／日） | B30: A27 | C30: 10 | D30: 10 | E30: 10 | F30: =(C30+D30+E30)/3 -> 10
A31: 4、实际日综合生产能力（万m3／日） | B31: A28 | C31: 5.21 | D31: 5.55 | E31: 5.2 | F31: =(C31+D31+E31)/3 -> 5.32
A32: 5、最高日供水量（万m3） | B32: A29 | C32: 6.44 | D32: 6.55 | E32: 7.16 | F32: =(C32+D32+E32)/3 -> 6.72
A33: 6、年销售收入 | B33: A30 | C33: 6786.36 | D33: 6902.74 | E33: 5663.19 | F33: =(C33+D33+E33)/3 -> 6450.76
A34: 7、售水价格（元／m3） | B34: A31=A30/A26 | C34: =C33/C29 -> 3.43 | D34: =D33/D29 -> 3.27 | E34: =E33/E29 -> 3 | F34: =(C34+D34+E34)/3 -> 3.23
A35: 8、居民用水按户抄表的水量 | B35: A32 | C35: 215.45 | D35: 282.03 | E35: 266.39 | F35: =(C35+D35+E35)/3 -> 254.62
A36: 9、居民按户抄表得水量占居民用水总 量比率（％） | B36: A33 | C36: 0.3 | D36: 0.36 | E36: 0.36 | F36: =(C36+D36+E36)/3 -> 0.34
A37: 三、人员及工资情况 | B37: A34
A38: 1、企业定员数量（人） | B38: A35 | C38: 90 | D38: 90 | E38: 90 | F38: =(C38+D38+E38)/3 -> 90
A39: 2、实有人员数量（人） | B39: A36 | C39: 76 | D39: 81 | E39: 90 | F39: =(C39+D39+E39)/3 -> 82.33
A40: 3、年职工平均工资、津贴、补贴 | B40: A37 | C40: 4.85 | D40: 7.94 | E40: 8.87 | F40: =(C40+D40+E40)/3 -> 7.22

Sheet 西部-表1供水企业基本情况表
A1: 供水企业供水成本公开表 供水企业基本情况表(核定）
A2: 供水企业名称：海南天涯水业西部供水有限公司 | F2: 单位：万元
A3: 项目名称 | B3: 行次及关系 | C3: 2018年 | D3: 2019年 | E3: 2020年 | F3: 三年平均
A4: 一、企业财务情况 | B4: A1
A5: （一）资产 | B5: A2=Σ(A3:A4) | C5: =C6+C7 -> 71118.5 | D5: =D6+D7 -> 68376 | E5: =E6+E7 -> 64053.7 | F5: =(C5+D5+E5)/3 -> 67849.4
A6: 1、流动资产 | B6: A3 | C6: 2982.5 | D6: 2560 | E6: 1713.4 | F6: =(C6+D6+E6)/3 -> 2418.63
A7: 2、非流动资产 | B7: A4=Σ(A5:A8) | C7: =SUM(C8:C11) -> 68136 | D7: =SUM(D8:D11) -> 65816 | E7: =SUM(E8:E11) -> 62340.3 | F7: =(C7+D7+E7)/3 -> 65430.77
A8: 其中：固定资产 | B8: A5 | C8: 67232.8 | D8: 64212 | E8: 62049.1 | F8: =(C8+D8+E8)/3 -> 64497.97
A9: 其中：无形资产 | B9: A6 | C9: 0 | D9: 0 | E9: 0 | F9: =(C9+D9+E9)/3 -> 0
A10: 其中：在建工程 | B10: A7 | C10: 713.2 | D10: 1414 | E10: 101.2 | F10: =(C10+D10+E10)/3 -> 742.8
A11: 其中：其他资产 | B11: A8 | C11: 190 | D11: 190 | E11: 190 | F11: =(C11+D11+E11)/3 -> 190
A12: （二）负债 | B12: A9=Σ(A10:A11) | C12: =C13+C14 -> 29199.2 | D12: =D13+D14 -> 25207.9 | E12: =E13+E14 -> 20098.8 | F12: =(C12+D12+E12)/3 -> 24835.3
A13: 1、流动负债 | B13: A10 | C13: 26929.6 | D13: 22500.1 | E13: 16405.7 | F13: =(C13+D13+E13)/3 -> 21945.13
A14: 2、非流动负债 | B14: A11 | C14: 2269.6 | D14: 2707.8 | E14: 3693.1 | F14: =(C14+D14+E14)/3 -> 2890.17
A15: （三）所有者权益 | B15: A12 | C15: =C5-C12 -> 41919.3 | D15: =D5-D12 -> 43168.1 | E15: =E5-E12 -> 43954.9 | F15: =(C15+D15+E15)/3 -> 43014.1
A16: （四）主营业务损益 | B16: A13
A17: 1、主营业务收入 | B17: A14 | C17: 10098.7 | D17: 10561 | E17: 9482.4 | F17: =(C17+D17+E17)/3 -> 10047.37
A18: 2、主营业务成本 | B18: A15 | C18: 3631.5 | D18: 3901.29 | E18: 7832.69 | F18: =(C18+D18+E18)/3 -> 5121.83
A19: 3、期间费用 | B19: A16 | C19: 5603.75 | D19: 5602.49 | E19: 1280.69 | F19: =(C19+D19+E19)/3 -> 4162.31
A20: 4、主营业务税金及附加 | B20: A17 | C20: 106.67 | D20: 99.2 | E20: 94.36 | F20: =(C20+D20+E20)/3 -> 100.08
A21: 5、企业所得税 | B21: A18 | C21: 134.1 | D21: 416.8 | E21: 139.1 | F21: =(C21+D21+E21)/3 -> 230
A22: 6、主营业务净利润 | B22: A19=A14-A15-A16-A17-(A18-A21*25%) | C22: =C17-C18-C19-C20-(C21-C24*0.25) -> 661.46 | D22: =D17-D18-D19-D20-(D21-D24*0.25) -> 594.4 | E22: =E17-E18-E19-E20-(E21-E24*0.25) -> 187.39 | F22: =(C22+D22+E22)/3 -> 481.08
A23: 7、主营业务净资产利润率（％） | B23: A20=A19/A12 | C23: =C22/C15 -> 0.0158 | D23: =D22/D15 -> 0.0138 | E23: =E22/E15 -> 0.0043 | F23: =(C23+D23+E23)/3 -> 0.0113
A24: （五）其他业务利润 | B24: A21 | C24: =C25-C26 -> 155.1 | D24: =D25-D26 -> 212.7 | E24: =E25-E26 -> 207.3 | F24: =(C24+D24+E24)/3 -> 191.7
A25: 1、其他业务收入 | B25: A22 | C25: 191.4 | D25: 536 | E25: 448 | F25: =(C25+D25+E25)/3 -> 391.8
A26: 2、其他业务支出 | B26: A23 | C26: 36.3 | D26: 323.3 | E26: 240.7 | F26: =(C26+D26+E26)/3 -> 200.1
A27: 二、供水与销售 | B27: A24
A28: 1、年供水总量（万m3） | B28: A25 | C28: 5366.13 | D28: 5654.91 | E28: 5132.4 | F28: =(C28+D28+E28)/3 -> 5384.48
A29: 2、年售水总量（万m3） | B29: A26 | C29: 5010.8 | D29: 5309.5 | E29: 4849.1 | F29: =(C29+D29+E29)/3 -> 5056.47
A30: 3、设计日综合生产能力（万m3／日） | B30: A27 | C30: 20 | D30: 20 | E30: 20 | F30: =(C30+D30+E30)/3 -> 20
A31: 4、实际日综合生产能力（万m3／日） | B31: A28 | C31: 14.7 | D31: 15.5 | E31: 14.1 | F31: =(C31+D31+E31)/3 -> 14.77
A32: 5、最高日供水量（万m3） | B32: A29 | C32: 19.8 | D32: 19.5 | E32: 21.8 | F32: =(C32+D32+E32)/3 -> 20.37
A33: 6、年销售收入 | B33: A30 | C33: 10401.66 | D33: 10877.83 | E33: 9766.87 | F33: =(C33+D33+E33)/3 -> 10348.79
A34: 7、售水价格（元／m3） | B34: A31=A30/A26 | C34: =C33/C29 -> 2.08 | D34: =D33/D29 -> 2.05 | E34: =E33/E29 -> 2.01 | F34: =(C34+D34+E34)/3 -> 2.05
A35: 8、居民用水按户抄表的水量 | B35: A32 | C35: 295.2 | D35: 373.3 | E35: 414.4 | F35: =(C35+D35+E35)/3 -> 360.97
A36: 9、居民按户抄表得水量占居民用水总 量比率（％） | B36: A33 | C36: 0.44 | D36: 0.45 | E36: 0.44 | F36: =(C36+D36+E36)/3 -> 0.4433
A37: 三、人员及工资情况 | B37: A34
A38: 1、企业定员数量（人） | B38: A35 | C38: 223 | D38: 228 | E38: 190 | F38: =(C38+D38+E38)/3 -> 213.67
A39: 2、实有人员数量（人） | B39: A36 | C39: 138 | D39: 148 | E39: 161 | F39: =(C39+D39+E39)/3 -> 149
A40: 3、年职工平均工资、津贴、补贴 | B40: A37 | C40: 6.2 | D40: 6.21 | E40: 7.56 | F40: =(C40+D40+E40)/3 -> 6.66

Sheet 二次-表1供水企业基本情况表
A1: 供水企业供水成本公开表 供水企业基本情况表(核定）
A2: 供水企业名称：海南天涯水业二次供水管理有限公司 | F2: 单位：万元
A3: 项目名称 | B3: 行次及关系 | C3: 2018年 | D3: 2019年 | E3: 2020年 | F3: 三年平均
A4: 一、企业财务情况 | B4: A1
A5: （一）资产 | B5: A2=Σ(A3:A4) | E5: =E6+E7 -> 23571.4 | F5: =E5 -> 23571.4
A6: 1、流动资产 | B6: A3 | E6: 1942.8 | F6: =E6 -> 1942.8
A7: 2、非流动资产 | B7: A4=Σ(A5:A8) | E7: =SUM(E8:E11) -> 21628.6 | F7: =E7 -> 21628.6
A8: 其中：固定资产 | B8: A5 | E8: 21559.3 | F8: =E8 -> 21559.3
A9: 其中：无形资产 | B9: A6 | F9: =E9 -> 0
A10: 其中：在建工程 | B10: A7 | E10: 37.2 | F10: =E10 -> 37.2
A11: 其中：其他资产 | B11: A8 | E11: 32.1 | F11: =E11 -> 32.1
A12: （二）负债 | B12: A9=Σ(A10:A11) | E12: =E13+E14 -> 11714.8 | F12: =E12 -> 11714.8
A13: 1、流动负债 | B13: A10 | E13: 5077.8 | F13: =E13 -> 5077.8
A14: 2、非流动负债 | B14: A11 | E14: 6637 | F14: =E14 -> 6637
A15: （三）所有者权益 | B15: A12 | E15: =E5-E12 -> 11856.6 | F15: =E15 -> 11856.6
A16: （四）主营业务损益 | B16: A13 | F16: =E16 -> 0
A17: 1、主营业务收入 | B17: A14 | E17: 1519.8 | F17: =E17 -> 1519.8
A18: 2、主营业务成本 | B18: A15 | E18: 1524.71 | F18: =E18 -> 1524.71
A19: 3、期间费用 | B19: A16 | E19: 337.59 | F19: =E19 -> 337.59
A20: 4、主营业务税金及附加 | B20: A17 | E20: 4.53 | F20: =E20 -> 4.53
A21: 5、企业所得税 | B21: A18 | F21: =E21 -> 0
A22: 6、主营业务净利润 | B22: A19=A14-A15-A16-A17-(A18-A21*25%) | E22: =E17-E18-E19-E20 -> -347.03 | F22: =E22 -> -347.03
A23: 7、主营业务净资产利润率（％） | B23: A20=A19/A12 | E23: =E22/E15 -> -0.03 | F23: =E23 -> -0.03
A24: （五）其他业务利润 | B24: A21 | E24: =E25-E26 -> 16.3 | F24: =E24 -> 16.3
A25: 1、其他业务收入 | B25: A22 | E25: 105.1 | F25: =E25 -> 105.1
A26: 2、其他业务支出 | B26: A23 | E26: 88.8 | F26: =E26 -> 88.8
A27: 二、供水与销售 | B27: A24 | F27: =E27 -> 0
A28: 1、年供水总量（万m3） | B28: A25 | E28: 736.25 | F28: =E28 -> 736.25
A29: 2、年售水总量（万m3） | B29: A26 | E29: 689.6 | F29: =E29 -> 689.6
A30: 3、设计日综合生产能力（万m3／日） | B30: A27 | E30: 2.2 | F30: =E30 -> 2.2
A31: 4、实际日综合生产能力（万m3／日） | B31: A28 | E31: 0.3 | F31: =E31 -> 0.3
A32: 5、最高日供水量（万m3） | B32: A29 | E32: 2.3 | F32: =E32 -> 2.3
A33: 6、年销售收入 | B33: A30 | E33: 1565.39 | F33: =E33 -> 1565.39
A34: 7、售水价格（元／m3） | B34: A31=A30/A26 | E34: =E33/E29 -> 2.27 | F34: =E34 -> 2.27
A35: 8、居民用水按户抄表的水量 | B35: A32 | E35: 512.7 | F35: =E35 -> 512.7
A36: 9、居民按户抄表得水量占居民用水总 量比率（％） | B36: A33 | E36: 1 | F36: =E36 -> 1
A37: 三、人员及工资情况 | B37: A34 | F37: =E37 -> 0
A38: 1、企业定员数量（人） | B38: A35 | E38: 70 | F38: =E38 -> 70
A39: 2、实有人员数量（人） | B39: A36 | E39: 62 | F39: =E39 -> 62
A40: 3、年职工平均工资、津贴、补贴 | B40: A37 | E40: 3.36 | F40: =E40 -> 3.36

Sheet 中法-表1供水企业基本情况表
A1: 供水企业供水成本公开表 供水企业基本情况表(核定）
A2: 供水企业名称：三亚中法供水有限公司 | F2: 单位：万元
A3: 项目名称 | B3: 行次及关系 | C3: 2018年 | D3: 2019年 | E3: 2020年 | F3: 三年平均
A4: 一、企业财务情况 | B4: A1
A5: （一）资产 | B5: A2=Σ(A3:A4) | C5: =C6+C7 -> 59500.2 | D5: =D6+D7 -> 56960.9 | E5: =E6+E7 -> 59165.9 | F5: =(C5+D5+E5)/3 -> 58542.33
A6: 1、流动资产 | B6: A3 | C6: 11464.4 | D6: 8398.7 | E6: 10023.9 | F6: =(C6+D6+E6)/3 -> 9962.33
A7: 2、非流动资产 | B7: A4=Σ(A5:A8) | C7: =SUM(C8:C11) -> 48035.8 | D7: =SUM(D8:D11) -> 48562.2 | E7: =SUM(E8:E11) -> 49142 | F7: =(C7+D7+E7)/3 -> 48580
A8: 其中：固定资产 | B8: A5 | C8: 32663.5 | D8: 31607.8 | E8: 30615.8 | F8: =(C8+D8+E8)/3 -> 31629.03
A9: 其中：无形资产 | B9: A6 | C9: 1229.3 | D9: 1168.3 | E9: 1107.2 | F9: =(C9+D9+E9)/3 -> 1168.27
A10: 其中：在建工程 | B10: A7 | C10: 14012.5 | D10: 15680.2 | E10: 17294.3 | F10: =(C10+D10+E10)/3 -> 15662.33
A11: 其中：其他资产 | B11: A8 | C11: 130.5 | D11: 105.9 | E11: 124.7 | F11: =(C11+D11+E11)/3 -> 120.37
A12: （二）负债 | B12: A9=Σ(A10:A11) | C12: =SUM(C13:C14) -> 30368.7 | D12: =SUM(D13:D14) -> 29103.5 | E12: =SUM(E13:E14) -> 32514.6 | F12: =(C12+D12+E12)/3 -> 30662.27
A13: 1、流动负债 | B13: A10 | C13: 11349.6 | D13: 8468.1 | E13: 13572.3 | F13: =(C13+D13+E13)/3 -> 11130
A14: 2、非流动负债 | B14: A11 | C14: 19019.1 | D14: 20635.4 | E14: 18942.3 | F14: =(C14+D14+E14)/3 -> 19532.27
A15: （三）所有者权益 | B15: A12 | C15: =C5-C12 -> 29131.5 | D15: =D5-D12 -> 27857.4 | E15: =E5-E12 -> 26651.3 | F15: =(C15+D15+E15)/3 -> 27880.07
A16: （四）主营业务损益 | B16: A13
A17: 1、主营业务收入 | B17: A14 | C17: 24135.1 | D17: 24366.5 | E17: 21469.4 | F17: =(C17+D17+E17)/3 -> 23323.67
A18: 2、主营业务成本 | B18: A15 | C18: 14946.06 | D18: 15918.25 | E18: 15141.27 | F18: =(C18+D18+E18)/3 -> 15335.19
A19: 3、期间费用 | B19: A16 | C19: 8793.89 | D19: 12106.41 | E19: 9144.36 | F19: =(C19+D19+E19)/3 -> 10014.89
A20: 4、主营业务税金及附加 | B20: A17 | C20: 276.9 | D20: 257.48 | E20: 216.15 | F20: =(C20+D20+E20)/3 -> 250.18
A21: 5、企业所得税 | B21: A18 | C21: 732.4 | D21: 602.8 | E21: 150.2 | F21: =(C21+D21+E21)/3 -> 495.13
A22: 6、主营业务净利润 | B22: A19=A14-A15-A16-A17-(A18-A21*25%) | C22: =C17-C18-C19-C20-(C21-C24*0.25) -> -366.33 | D22: =D17-D18-D19-D20-(D21-D24*0.25) -> -4174.85 | E22: =E17-E18-E19-E20-(E21-E24*0.15) -> -3075.41 | F22: =(C22+D22+E22)/3 -> -2538.86
A23: 7、主营业务净资产利润率（％） | B23: A20=A19/A12 | C23: =C22/C15 -> -0.0126 | D23: =D22/D15 -> -0.1499 | E23: =E22/E15 -> -0.1154 | F23: =(C23+D23+E23)/3 -> -0.0926
A24: （五）其他业务利润 | B24: A21 | C24: =C25-C26 -> 991.28 | D24: =D25-D26 -> 1374.35 | E24: =E25-E26 -> 714.48 | F24: =(C24+D24+E24)/3 -> 1026.7
A25: 1、其他业务收入 | B25: A22 | C25: 1591.3 | D25: 4744.43 | E25: 2062.93 | F25: =(C25+D25+E25)/3 -> 2799.55
A26: 2、其他业务支出 | B26: A23 | C26: 600.02 | D26: 3370.08 | E26: 1348.45 | F26: =(C26+D26+E26)/3 -> 1772.85
A27: 二、供水与销售 | B27: A24
A28: 1、年供水总量（万m3） | B28: A25 | C28: 12392.36 | D28: 12762.93 | E28: 11644.13 | F28: =(C28+D28+E28)/3 -> 12266.47
A29: 2、年售水总量（万m3） | B29: A26 | C29: 10533.51 | D29: 10848.49 | E29: 9897.51 | F29: =(C29+D29+E29)/3 -> 10426.5
A30: 3、设计日综合生产能力（万m3／日） | B30: A27 | C30: 30.5 | D30: 30.5 | E30: 30.5 | F30: =(C30+D30+E30)/3 -> 30.5
A31: 4、实际日综合生产能力（万m3／日） | B31: A28 | C31: 34 | D31: 35 | E31: 31.9 | F31: =(C31+D31+E31)/3 -> 33.63
A32: 5、最高日供水量（万m3） | B32: A29 | C32: 41.3 | D32: 44.6 | E32: 42.3 | F32: =(C32+D32+E32)/3 -> 42.73
A33: 6、年销售收入 | B33: A30 | C33: 24859.1 | D33: 25097.5 | E33: 22113.5 | F33: =(C33+D33+E33)/3 -> 24023.37
A34: 7、售水价格（元／m3） | B34: A31=A30/A26 | C34: =C33/C29 -> 2.36 | D34: =D33/D29 -> 2.31 | E34: =E33/E29 -> 2.23 | F34: =(C34+D34+E34)/3 -> 2.3
A35: 8、居民用水按户抄表的水量 | B35: A32 | C35: 4760.3 | D35: 4976.6 | E35: 4765.9 | F35: =(C35+D35+E35)/3 -> 4834.27
A36: 9、居民按户抄表得水量占居民用水总 量比率（％） | B36: A33 | C36: 0.86 | D36: 0.84 | E36: 0.84 | F36: =(C36+D36+E36)/3 -> 0.8467
A37: 三、人员及工资情况 | B37: A34
A38: 1、企业定员数量（人） | B38: A35 | C38: 556 | D38: 545 | E38: 551 | F38: =(C38+D38+E38)/3 -> 550.67
A39: 2、实有人员数量（人） | B39: A36 | C39: 564 | D39: 553 | E39: 534 | F39: =(C39+D39+E39)/3 -> 550.33
A40: 3、年职工平均工资、津贴、补贴 | B40: A37 | C40: 7.99 | D40: 8.29 | E40: 8.85 | F40: =(C40+D40+E40)/3 -> 8.38
